 Dungeon Crawl Stone Soup version 0.27-a0-836-gfc908b8576 (webtiles) character file.

Game seed: 17539127362200534657

606 n0claF the Skirmisher (level 7, 0/61 HPs)
             Began as a Ghoul Fighter on Apr 1, 2021.
             Slain by a sky beast (5 damage)
             ... on level 5 of the Dungeon.
             The game lasted 00:10:54 (4917 turns).

n0claF the Skirmisher (Ghoul Fighter)               Turns: 4917, Time: 00:10:55

Health: 0/61       AC: 15    Str: 22    XL:     7   Next: 42%
Magic:  6/6        EV:  7    Int:  3    God:
Gold:   270        SH:  9    Dex:  8    Spells: 6/6 levels left

rFire    . . .     SeeInvis .   a - +0 war axe
rCold    + . .     Faith    .   c - +0 kite shield
rNeg     + + +     Spirit   .   q - +2 scale mail {rPois} rPois โˆž Reflect .
                                w - +2 hat
rElec    .         Harm     .   (no cloak)
rCorr    .         Rampage  .   (no gloves)
Will     .....                  (no boots)
Stlth    ..........             (no amulet)
HPRegen  0.00/turn              h - +4 ring of protection
MPRegen  0.10/turn              (no ring)

@: mighty
A: claws 1, cold resistance 1, negative energy resistance 3, inhibited
regeneration, torment resistance 2, unbreathing 1
a: no special abilities


You were on level 5 of the Dungeon.
You visited 1 branch of the dungeon, and saw 5 of its levels.
You also visited: Sewer.

You collected 270 gold pieces.

Inventory:

Hand Weapons
 a - a +0 war axe (weapon)
Armour
 c - a +0 kite shield (worn)
 q - a +2 scale mail of poison resistance (worn)
   (You took it off Terence on level 2 of the Dungeon)
 w - a +2 hat (worn)
   (You found it in a sewer)
Jewellery
 b - a ring of ice
   (You found it on level 3 of the Dungeon)
 h - a +4 ring of protection (left claw)
   (You found it on level 1 of the Dungeon)
Wands
 n - a wand of polymorph (4)
   (You took it off Natasha on level 2 of the Dungeon)
Scrolls
 e - a scroll of holy word {unknown}
 g - a scroll of immolation {unknown}
 i - a scroll of blinking {unknown}
 k - a scroll of magic mapping {unknown}
 m - 3 scrolls of identify {unknown}
 p - a scroll of vulnerability {unknown}
 s - a scroll of enchant armour {unknown}
 t - a scroll of torment {unknown}
 y - a scroll of amnesia {unknown}
 z - a scroll of fog {unknown}
 A - 2 scrolls of summoning {unknown}
Potions
 d - 5 potions of heal wounds {unknown}
 f - a potion of berserk rage {unknown}
 j - 2 potions of degeneration {unknown}
 l - 2 potions of haste {unknown}
 o - a potion of lignification {unknown}
 r - a potion of brilliance {unknown}
 u - 2 potions of might
 v - 2 potions of flight {unknown}
 x - a potion of curing {unknown}


   Skills:
 + Level 5.3 Fighting
 + Level 3.9 Axes
 + Level 4.4 Armour
 + Level 4.4 Shields


You had 6 spell levels left.
You didn't know any spells.
Your spell library contained the following spells:

 Spells                   Type           Power      Damage    Failure   Level
 Animate Skeleton         Necr           0%         N/A       99%         1
 Apportation              Tloc           0%         N/A       99%         1
 Corona                   Hex            0%         N/A       99%         1
 Summon Small Mammal      Summ           0%         N/A       99%         1
 Confusing Touch          Hex            0%         N/A       100%        3
 Gell's Gravitas          Tloc           0%         N/A       100%        3
 Petrify                  Tmut/Erth      0%         N/A       100%        4
 Metabolic Englaciation   Hex/Ice        0%         N/A       100%        5
 Yara's Violent Unravell  Hex/Tmut       0%         3d3       100%        5


Dungeon Overview and Level Annotations

Branches:
Dungeon (5/15)              Sewer (visited)
 Temple: D:4-7

Altars:
Gozag

Annotations:
D:5 Prince Ribbit


Innate Abilities, Weirdness & Mutations

You thrive by killing the living.
You are immune to poison.
You have sharp fingernails.
Your flesh is cold resistant. (rC+)
You are immune to negative energy. (rN+++)
You do not regenerate when monsters are visible.
You are immune to unholy pain and torment.
You can survive without breathing.


Message History

You closely miss Prince Ribbit. You block Prince Ribbit's attack.
Prince Ribbit hits you!
You closely miss Prince Ribbit. Prince Ribbit barely misses you.
Prince Ribbit hits you.
You barely miss Prince Ribbit.
Prince Ribbit says, "You're just another fly to me."
Prince Ribbit hits you.
Prince Ribbit hits you but does no damage.
You closely miss Prince Ribbit. Prince Ribbit hits you.
* * * LOW HITPOINT WARNING * * *
Prince Ribbit hits you but does no damage.
You miss Prince Ribbit. Prince Ribbit hits you.
* * * LOW HITPOINT WARNING * * *
Prince Ribbit completely misses you. Prince Ribbit hits you!
* * * LOW HITPOINT WARNING * * *
Unknown command.
You slice Prince Ribbit!! You block Prince Ribbit's attack. x2
Unknown command.
You completely miss Prince Ribbit. Prince Ribbit hits you.
* * * LOW HITPOINT WARNING * * *
Prince Ribbit hits you but does no damage.
You miss Prince Ribbit. Prince Ribbit closely misses you.
Prince Ribbit blinks!
Unknown command.
Prince Ribbit croaks regally.
Prince Ribbit blinks!
Prince Ribbit blinks!
A - 2 scrolls labelled DEUVEO HIUMI A sky beast comes into view.
Prince Ribbit blinks!
Prince Ribbit blinks!
Prince Ribbit blinks!
Prince Ribbit croaks regally.
Prince Ribbit blinks!
The sky beast flickers out of sight!
Deactivating autopickup; reactivate with Ctrl-A.
A sky beast appears from thin air!
Reactivating autopickup.
You hit the sky beast. You block the sky beast's attack.
The sky beast hits you.
* * * LOW HITPOINT WARNING * * *
The sky beast shocks you.
* * * LOW HITPOINT WARNING * * *
You closely miss the sky beast.
Prince Ribbit blinks!
The sky beast hits you but does no damage.
You completely miss the sky beast. You block the sky beast's attack.
You block Prince Ribbit's attack. The sky beast hits you.
* * * LOW HITPOINT WARNING * * *
The sky beast shocks you.
You die...

#....###..<..##...
###................
#...#..#...#.#.....
##..#.##..####.....
#####....#...#....#...
#...#...........####..
#........#........##..
##....F#..#............
#.....@................
##....Y###.##..........
##..#ยง..โ‰ˆโ‰ˆ.#..........
#####.#F...........#.
#..##.............
#..##...........#.
.#..##............
.....>.........####
#.................#.


You could see Prince Ribbit and a sky beast.

Vanquished Creatures
  A centaur (D:3)
  A kobold brigand (Sewer)
  A scorpion (D:2)
  Terence (D:2)
  Natasha (thrice) (D:2)
  7 gnolls
  5 adders
  8 river rats
  4 worms
  A dart slug (D:1)
  3 orcs (D:3)
  6 endoplasms
  5 giant cockroaches
  3 goblins
  6 hobgoblins
  3 jackals (D:3)
  3 quokkas
  11 ball pythons
  4 bats
  4 frilled lizards
  18 kobolds
  21 rats
119 creatures vanquished.

Notes
Turn   | Place    | Note
-------+----------+-------------------------------------------
     0 | D:1      | n0claF the Ghoul Fighter began the quest for the Orb.
     0 | D:1      | Reached XP level 1. HP: 19/19 MP: 0/0
   330 | D:1      | Reached XP level 2. HP: 26/26 MP: 1/1
   806 | D:2      | Reached XP level 3. HP: 16/33 MP: 2/2
  1151 | D:2      | Noticed a scorpion
  1170 | D:2      | Killed a scorpion
  1171 | D:2      | Reached skill level 4 in Fighting
  1171 | D:2      | Reached XP level 4. HP: 2/40 MP: 3/3
  1462 | D:2      | Noticed Natasha
  1485 | D:2      | Killed Natasha
  1486 | D:2      | Reached XP level 5. HP: 46/46 MP: 4/4
  1561 | D:2      | Noticed Natasha
  1564 | D:2      | Killed Natasha
  1596 | D:2      | Noticed Natasha
  1604 | D:2      | Killed Natasha
  1610 | D:2      | Noticed Terence
  1637 | D:2      | Killed Terence
  1978 | D:3      | Reached XP level 6. HP: 27/53 MP: 5/5
  2814 | D:3      | Found a faded altar of an unknown god.
  3487 | D:4      | Found an opulent altar of Gozag.
  3511 | D:4      | Found a glowing drain.
  3541 | Sewer    | Entered a sewer
  3626 | Sewer    | Reached skill level 5 in Fighting
  3626 | Sewer    | Reached XP level 7. HP: 48/61 MP: 6/6
  4705 | D:5      | Entered Level 5 of the Dungeon
  4705 | D:5      | Noticed Prince Ribbit
  4917 | D:5      | Slain by a sky beast

Illustrated notes

Levels and vault maps discovered:
D:1:      scummos_arrival_simple_fountains, layout_loops_ring,
          minmay_misc_feat_tiny
D:2:      layout_rooms, uniq_natasha, uniq_terence
D:3:      layout_basic, chequers_ecumenical_altar_island
D:4:      layout_gridville, nicolae_gozag_cash_rules_everything_around_me,
          cheibrodos_sewer_entry_sluice
D:5:      layout_cave_pools, lightli_temple_of_fire, hangedman_decor_lopped,
          uniq_duvessa, uniq_prince_ribbit1

Skill      XL: |  1  2  3  4  5  6 |
---------------+-------------------+-----
Axes           | 2 3 |  3.9
Armour         | 3 4 |  4.4
Shields        | 3 4 |  4.4
Fighting       | 4 5 |  5.3

Action                   |  1- 3 |  4- 6 |  7- 9 || total
-------------------------+-------+-------+-------++-------
Melee: War axe           |   116 |   190 |   149 ||   455
  Use: Potion            |     1 |       |     1 ||     2
Armor: Scale mail        |    71 |   115 |   136 ||   322
Dodge: Dodged            |    42 |    84 |    71 ||   197
Block: Kite shield       |    77 |   124 |   115 ||   316

Table legend: (Time is in decaauts)
 A = Elapsed time spent in this place.
 B = Non-inter-level travel time spent in this place.
 C = Inter-level travel time spent in this place.
 D = Time resting spent in this place.
 E = Time spent auto-exploring this place.
 F = Levels seen in this place.
 G = Mean time per level.
                   A        B        C        D        E       F      G
               +--------+--------+--------+--------+--------+-----+--------+
         Total |   5230 |   5090 |    140 |      0 |   3916 |   6 |  871.7 |
       Dungeon |   4368 |   4228 |    140 |      0 |   3340 |   5 |  873.6 |
         Sewer |    861 |    861 |      0 |      0 |    575 |   1 |  861.0 |
               +--------+--------+--------+--------+--------+-----+--------+

Top non-repeatable levels by time:
     D:3: 1538 daAuts
     D:2: 1209 daAuts
   Sewer: 861 daAuts
     D:1: 774 daAuts
     D:4: 642 daAuts
     D:5: 203 daAuts
